 Dungeon Crawl Stone Soup version 0.19.5 (webtiles) character file.

3752 equalderp2856 the Gouger (level 9, 0/39 HPs)
             Began as a Felid Fighter on Mar 15, 2017.
             Slain by a killer bee (4 damage)
             ... on level 8 of the Dungeon.
             The game lasted 00:48:26 (19129 turns).

equalderp2856 the Gouger (Felid Fighter)           Turns: 19129, Time: 00:48:27

Health: 0/39       AC:  2    Str: 10 (13) XL:     9   Next: 93%
Magic:  16/16      EV: 23    Int: 10      God:
Gold:   373        SH:  0    Dex: 17      Spells: 3 memorised, 11 levels left
                                        Lives:  0   Deaths: 2

rFire  x . .     SeeInvis +       - Unarmed
rCold  + . .     Gourm    .     (armour unavailable)
rNeg   . . .     Faith    .     (shield unavailable)
rPois  .         Spirit   .     (helmet unavailable)
rElec  .         Reflect  .     (cloak unavailable)
rCorr  .         Harm     .     (gloves unavailable)
MR     +....                    (boots unavailable)
Stlth  ++++......               s - amulet of magic regeneration
                                G - ring of ice
                                y - ring of see invisible

@: about to teleport, quick
A: no armour, no weapons or thrown items, stealth, claws 1, fangs 3, see
invisible, carnivore 3, speed 1, shaggy fur 2, slow metabolism 1, sharp paws
a: no special abilities


You were on level 8 of the Dungeon.
You were completely stuffed.

You visited 1 branch of the dungeon, and saw 10 of its levels.

You collected 373 gold pieces.

Inventory:

Missiles
 e - 154 arrows
 m - 8 tomahawks
 p - 178 stones
 q - 113 sling bullets
Jewellery
 b - an uncursed ring of protection from magic {unknown}
 s - an amulet of magic regeneration (around neck)
 y - a ring of see invisible (left paw)
 G - a ring of ice (right paw)
 H - an uncursed amulet of faith
Wands
 z - a wand of disintegration (14/24)
 A - a wand of flame (19/48)
 B - a wand of disintegration (10/24)
Scrolls
 c - a scroll of magic mapping {unknown}
 h - 4 scrolls of remove curse
 i - a scroll of amnesia
 j - 9 scrolls of identify
 k - 6 scrolls of teleportation
 t - a scroll of noise {unknown}
 w - a scroll of immolation {unknown}
 x - 3 scrolls of random uselessness {unknown}
 E - 2 scrolls of fog {unknown}
 J - a scroll of blinking {unknown}
 N - a scroll of acquirement {unknown}
Potions
 a - 3 potions of might
 d - 2 potions of resistance
 g - a potion of mutation {unknown}
 o - a potion of cure mutation {unknown}
 r - a potion of degeneration
 u - a potion of cancellation {unknown}
 v - 2 potions of brilliance
 D - a potion of haste
 F - 2 potions of flight {unknown}
 K - a potion of lignification {unknown}
 L - a potion of ambrosia {unknown}
Books
 C - a book of Maledictions

   Spells                             Type                      Level
   a - Corona                         Hexes                        1
   b - Ensorcelled Hibernation        Hexes/Ice                    2
   c - Confuse                        Hexes                        3
   d - Tukima's Dance                 Hexes                        3
   e - Dazzling Spray                 Conjuration/Hexes            3
Comestibles
 f - 4 fruits
 l - a beef jerky
 n - 6 bread rations
 M - a meat ration


   Skills:
 + Level 4.3 Fighting
 + Level 7.2 Dodging
 + Level 6.6 Stealth
 + Level 9.1 Unarmed Combat
 + Level 4.5 Spellcasting
 + Level 8.4 Hexes
 + Level 4.8 Ice Magic


You had 11 spell levels left.
You knew the following spells:

 Your Spells              Type           Power        Failure   Level  Hunger
a - Corona                Hex            ###....      1%          1    #......
b - Ensorcelled Hibernat  Hex/Ice        ###...       2%          2    ##.....
c - Confuse               Hex            ###.....     1%          3    ###....


Dungeon Overview and Level Annotations

Branches:
Dungeon (10/15)            Temple (0/1) D:4             Orc (0/2) D:9
   Lair: D:8-11

Altars:
Elyvilon
Fedhas
Hepliaklqana
Kikubaaqudgha
Nemelex Xobeh
Vehumet
Xom
Yredelemnul

Shops:
D:6 %

Annotations:
D:4 Frank's ghost, amateur GrGl; Grinder; Prince Ribbit
D:5 1 runed door, Pikel
D:10 Nergalle


Innate Abilities, Weirdness & Mutations

You cannot wear armour.
You are incapable of wielding weapons or throwing items.
Your paws allow you to move quietly. (Stealth)
You have sharp claws.
You have razor-sharp teeth.
You have supernaturally acute eyesight. (SInv)
You are carnivorous and can eat meat at any time.
You cover ground quickly.
You are covered in thick fur. (AC +2)
You have a slow metabolism.
Your sharp claws are effective at attacking unaware monsters.


Message History

an enchanted halberd; a dyed animal skin; the gnoll corpse of Grum
There is a stone staircase leading down here.
Casting: Ensorcelled Hibernation
Confirm with . or Enter, or press ? or * to list all spells.
Aiming: Ensorcelled Hibernation
Press: ? - help, Shift-Dir - straight line, f - killer bee, p - orc warrior
Aim: a killer bee (hasn't noticed you, chance to defeat MR: 62%)
You feel a surge of power!
The killer bee resists with significant effort.
You miss the killer bee. Your bite misses the killer bee.
The killer bee barely misses you.
As you read the scroll of teleportation, it crumbles to dust.
You feel strangely unstable. The killer bee misses you.
The killer bee barely misses you.
The orc warrior hits you from afar with a trident.
The killer bee closely misses you. x3; The killer bee stings you!
* * * LOW HITPOINT WARNING * * *
It was a potion of magic.
Magic courses through your body. The killer bee stings you.
You die...

#.# #...# #.#...#.#.#.# #.# #...#
##.......#.### ..# #...#
#.......##.... ### #...#
#.###.#.###### # #...# #.##....#
#### #### #...# #.##.#..# #...
...#########...#####.##....# #...
##.##.................#.##.###...
##..............@.o>.)...........
#............y.yy..........###...
.......#####..)#####.##.##.# #...
#...#..#####..<# #.##.##.# #...
....#......#...# #.##.##.# ####
....#..###.#...# #.##.##.#
.......###.#...# #.......#
....#.#........# ####.#########
......#.##.....########..........


You could see an orc warrior and 3 killer bees.

Vanquished Creatures
  Sigmund (D:4)
  Grum (D:8)
  3 ice beasts
  2 orc warriors
  2 black bears
  A sky beast (D:8)
  2 phantoms
  2 ogres (D:9)
  4 wolves (D:8)
  4 centaurs
  A gnoll sergeant (D:7)
  5 bullfrogs
  3 scorpions
  5 killer bees (D:8)
  2 howler monkeys
  A centaur zombie (D:6)
  4 crimson imps
  A bullfrog zombie (D:5)
  3 orc priests
  2 jellies
  A bullfrog skeleton (D:8)
  A centaur skeleton (D:8)
  4 hounds
  3 orc wizards
  An iguana (D:5)
  7 worker ants
  2 killer bee zombies
  A hound skeleton (D:5)
  A howler monkey zombie (D:6)
  Robin (D:4)
  A howler monkey skeleton (D:9)
  8 gnolls (D:7)
  11 adders
  4 shadow imps
  An ooze (D:3)
  A worm (D:3)
  3 dart slugs
  8 leopard geckos
  27 orcs
  8 giant cockroaches
  20 goblins
  12 hobgoblins
  13 jackals
  8 quokkas
  2 ball pythons
  7 bats
  4 frilled lizards
  A jackal skeleton (D:4)
  8 kobolds
  A quokka skeleton (D:6)
  9 rats
228 creatures vanquished.

Notes
Turn   | Place    | Note
-------+----------+-------------------------------------------
     0 | D:1      | equalderp2856 the Felid Fighter began the quest for the Orb.
     0 | D:1      | Reached XP level 1. HP: 10/10 MP: 2/2
   373 | D:1      | Reached XP level 2. HP: 14/14 MP: 3/3
   785 | D:1      | Reached XP level 3. HP: 15/17 MP: 4/4
  1269 | D:2      | Found a faded altar of an unknown god.
  2039 | D:2      | Reached XP level 4. HP: 18/21 MP: 5/5
  2691 | D:2      | Reached skill level 5 in Unarmed Combat
  3276 | D:3      | Reached skill level 1 in Stealth
  3838 | D:3      | Reached skill level 5 in Dodging
  4180 | D:3      | Found a sparkling altar of Nemelex Xobeh.
  4573 | D:4      | Noticed Grinder
  4603 | D:4      | Reached XP level 5. HP: 12/24 MP: 6/6
  4997 | D:4      | Found a shimmering altar of Xom.
  5021 | D:4      | Noticed Robin
  5472 | D:4      | Found a sparkling altar of Nemelex Xobeh.
  5486 | D:4      | Noticed Frank's ghost (amateur GrGl)
  5827 | D:4      | Paralysed by Grinder for 7 turns
  5840 | D:4      | Killed from afar by Grinder
  5841 | D:4      | Reached XP level 4. HP: -6/21 MP: 5/5
  6257 | D:4      | Killed Robin
  6456 | D:4      | Reached XP level 5. HP: 21/25 MP: 6/6
  6747 | D:4      | Found a staircase to the Ecumenical Temple.
  6854 | D:4      | Noticed Sigmund
  6870 | D:4      | Killed Sigmund
  6870 | D:4      | Reached skill level 6 in Unarmed Combat
  6870 | D:4      | Gained mutation: You are covered in thick fur. (AC +2) [Felid growth]
  6870 | D:4      | Reached XP level 6. HP: 28/28 MP: 7/7
  6933 | D:5      | Entered Level 5 of the Dungeon
  6963 | D:5      | Found a runed door.
  7009 | D:5      | Noticed Prince Ribbit
  8444 | D:5      | Found a hazy altar of Hepliaklqana.
  8486 | D:5      | Found a basalt altar of Yredelemnul.
  8515 | D:5      | Noticed Pikel
  8518 | D:5      | Noticed a slave
  8626 | D:5      | Noticed a slave
  8628 | D:5      | Noticed a slave
  8959 | D:4      | Reached XP level 7. HP: 31/31 MP: 8/8
  9029 | D:3      | Reached skill level 7 in Unarmed Combat
  9970 | D:5      | Slain by Pikel
  9971 | D:5      | Reached XP level 6. HP: 0/28 MP: 7/7
 10151 | D:5      | HP: 1/28 [Pikel/+1 whip of freezing (3)]
 10764 | D:6      | Noticed an ice beast
 11034 | D:6      | Found Welep's Food Shop.
 11105 | D:6      | Reached XP level 7. HP: 32/32 MP: 8/8
 11158 | D:6      | Found a blossoming altar of Fedhas.
 11160 | D:6      | Found an ancient bone altar of Kikubaaqudgha.
 11242 | D:6      | Reached skill level 8 in Unarmed Combat
 12067 | D:6      | Learned a level 1 spell: Corona
 12070 | D:6      | Learned a level 2 spell: Ensorcelled Hibernation
 12074 | D:6      | Learned a level 3 spell: Confuse
 12506 | D:7      | Reached skill level 1 in Hexes
 12875 | D:7      | Reached skill level 1 in Spellcasting
 12875 | D:7      | Reached skill level 1 in Ice Magic
 13128 | D:7      | Found a white marble altar of Elyvilon.
 13412 | D:8      | Reached XP level 8. HP: 17/36 MP: 9/11
 13684 | D:8      | Found a radiant altar of Vehumet.
 13701 | D:8      | HP: 1/36 [centaur/arrow (16)]
 14350 | D:8      | Reached skill level 5 in Hexes
 15746 | D:7      | Reached XP level 9. HP: 25/39 MP: 12/15
 16283 | D:8      | HP: 1/39 [wolf[Grum] (9)]
 17340 | D:8      | Reached skill level 5 in Stealth
 17486 | D:8      | Noticed Grum
 18434 | D:9      | Found a staircase to the Orcish Mines.
 18600 | D:10     | Entered Level 10 of the Dungeon
 18760 | D:10     | Noticed Nergalle
 18823 | D:8      | Reached skill level 9 in Unarmed Combat
 18885 | D:8      | Killed Grum
 19129 | D:8      | Slain by a killer bee

Skill      XL: |  1  2  3  4  5  6  7  8  9 |
---------------+----------------------------+-----
Unarmed Combat | 5 6 8 9 |  9.1
Stealth        | 2 3 4 6 |  6.6
Dodging        | 5 6 7 |  7.2
Fighting       | 4 |  4.3
Hexes          | 3 6 8 |  8.4
Spellcasting   | 1 3 4 |  4.5
Ice Magic      | 1 3 4 |  4.8

Action                   |  1- 3 |  4- 6 |  7- 9 || total
-------------------------+-------+-------+-------++-------
Melee: Unarmed           |   116 |   315 |   357 ||   788
       Bite              |     9 |    33 |    35 ||    77
       Punch             |       |     9 |     5 ||    14
 Cast: Corona            |       |       |    15 ||    15
       Ensorcelled Hiber |       |       |    43 ||    43
       Confuse           |       |       |     6 ||     6
  Use: Scroll            |       |     6 |     1 ||     7
       Potion            |       |     1 |    10 ||    11
 Stab: Sleeping          |     2 |     8 |    29 ||    39
       Confused          |       |       |     1 ||     1
  Eat: Chunk             |     9 |    10 |    19 ||    38
       Beef jerky        |       |       |     1 ||     1
       Meat ration       |       |       |     1 ||     1
Armor: Skin              |     4 |    15 |     7 ||    26
Dodge: Dodged            |   111 |   265 |   292 ||   668
